 Dungeon Crawl Stone Soup version 0.18-a0-185-gabf895a (webtiles) character file.

126 Proton the Cudgeler (level 5, -6/57 HPs)
             Began as an Ogre Fighter on Nov 24, 2015.
             Shot with an arrow by a centaur (15 damage)
             ... on level 4 of the Dungeon.
             The game lasted 00:03:45 (2411 turns).

Proton the Cudgeler (Ogre Fighter)                  Turns: 2411, Time: 00:03:45

Health: -6/57      AC:  3    Str: 22    XL:     5   Next: 10%
Magic:  5/5        EV: 10    Int:  7    God:
Gold:   124        SH:  0    Dex:  9    Spells: 0 memorised, 4 levels left

rFire  . . .     SeeInvis .     a - +0 flail
rCold  . . .     Clarity  .     o - +0 robe {MR+}
rNeg   . . .     SustAt   .     (no shield)
rPois  .         Gourm    .     (helmet restricted)
rElec  .         Spirit   .     (no cloak)
rCorr  .         Warding  .     (gloves unavailable)
rMut   .         Stasis   .     (boots unavailable)
MR     +....                    (no amulet)
Stlth  +.........               (no ring)
                                (no ring)

@: somewhat resistant to hostile enchantments, very unstealthy
A: unfitting armour, tough skin 1
a: no special abilities


You were on level 4 of the Dungeon.
You were full.

You visited 1 branch of the dungeon, and saw 4 of its levels.

You collected 124 gold pieces.

Inventory:

Hand Weapons
 a - a +0 flail (weapon)
Armour
 o - a +0 robe of magic resistance (worn)
Scrolls
 b - 2 scrolls of amnesia {unknown}
 c - a scroll of enchant weapon {unknown}
 f - 2 scrolls of teleportation {unknown}
 g - 2 scrolls of noise {unknown}
 j - a scroll of immolation {unknown}
Potions
 d - a potion of might
 i - a potion of magic
 k - 2 potions of lignification {unknown}
 l - 2 potions of haste
Comestibles
 e - 3 bread rations
 h - a meat ration


   Skills:
 + Level 5.0 Fighting
 * Level 5.2 Maces & Flails
 + Level 3.3 Dodging
   Level 2.6 Shields


You had 4 spell levels left.
You didn't know any spells.

Dungeon Overview and Level Annotations

Branches:
Dungeon (4/15)
 Temple: D:4-7

Altars:
Fedhas


Innate Abilities, Weirdness & Mutations

You are too large for most types of armour.
You have tough skin (AC +1).


Message History

You start resting.
There is an open door here.
You see here an arrow.
You barely miss the centaur.
The centaur unwields an uncursed shortbow of flaming.
It stops flaming.
The centaur hits you! The centaur hits you.
You barely miss the centaur. The centaur hits you!
The centaur closely misses you.
You sock the centaur!
The centaur is moderately wounded.
The centaur hits you!
* * * LOW HITPOINT WARNING * * *
You hit the centaur.
The centaur is moderately wounded.
The centaur hits you.
* * * LOW HITPOINT WARNING * * *
The centaur hits you but does no damage.
The centaur wields an uncursed shortbow of flaming.
It bursts into flame!
The centaur shoots an arrow.
The arrow hits you!
You die...

##.##... ##
#.....PPP ..
#.....P.PPP
#.....PPcPP
#?......PP
#..((.PPP
#####(.#####+####
#..#.........
+.c(@........
#..#.<.......
#..#.........
#..#.........
#+##.........
...####... ....#
... ....# .
.....#


You could see a centaur.

Vanquished Creatures
  An orc wizard (D:3)
  4 adders
  An ooze (D:2)
  A worm (D:3)
  A giant gecko (D:4)
  4 orcs (D:3)
  A giant cockroach (D:1)
  8 hobgoblins
  4 kobolds
  A quokka (D:2)
  12 bats
  2 giant newts
  7 goblins
  8 rats
55 creatures vanquished.

Notes
Turn   | Place    | Note
--------------------------------------------------------------
     0 | D:1      | Proton the Ogre Fighter began the quest for the Orb.
     0 | D:1      | Reached XP level 1. HP: 24/24 MP: 1/1
    85 | D:1      | Reached XP level 2. HP: 30/32 MP: 2/2
   499 | D:1      | Reached XP level 3. HP: 37/40 MP: 3/3
  1594 | D:2      | Reached XP level 4. HP: 45/49 MP: 4/4
  1778 | D:3      | Reached skill level 5 in Maces & Flails
  1872 | D:3      | Reached skill level 5 in Fighting
  1941 | D:3      | Reached XP level 5. HP: 34/57 MP: 5/5
  2322 | D:3      | Noticed a black bear
  2391 | D:4      | Found a blossoming altar of Fedhas.
  2395 | D:4      | Noticed a centaur
  2411 | D:4      | Shot with an arrow by a centaur

Vault maps used:
D:1:      lightli_arrival_lavapool
D:2:      serial_curves, eino_curves_04, eino_curves_03,
          kennysheep_generic_room_5
D:3:      yredelemnul_forgotten_temple_becter
D:4:      fedhas_bush_and_centaur_altar, first_bread, minivault_23,
          kennysheep_small_circle

Action                   |  1- 3 |  4- 6 || total
-------------------------+-------+-------++-------
Melee: Flail             |   137 |    54 ||   191
  Use: Scroll            |       |     4 ||     4
  Eat: Meat ration       |     1 |       ||     1
       Bread ration      |     1 |       ||     1
